 Dungeon Crawl Stone Soup version 0.15-a0-462-gf669498 (webtiles) character file.

272 PolkaDot the Insei (level 5, -1/36 HPs)
             Began as a Vampire Transmuter on May 7, 2014.
             Killed from afar by Blork the orc (3 damage)
             ... with a puff of frost
             ... while paralysed by a potion of paralysis
             ... on Level 4 of the Dungeon.
             The game lasted 00:08:16 (3111 turns).

PolkaDot the Insei (Vampire Transmuter)             Turns: 3111, Time: 00:08:18

HP  -1/36        AC  4     Str  9      XL: 5   Next: 34%
MP   0/9         EV  2     Int 16      God:
Gold 91          SH  0     Dex 19      Spells:  1 memorised,  7 levels left

rFire  . . .     SeeInvis +       - Unarmed
rCold  . . .     Clarity  .     c - +0 robe
rNeg   . . .     Conserve .     (no shield)
rPois  .         rCorr    .     (helmet restricted)
rElec  .         rRot     .     v - +0 cloak
SustAb . .       Spirit   +     (no gloves)
rMut   .         Warding  .     o - +0 pair of boots (curse)
Saprov . . .     Stasis   .     g - amulet of guardian spirit
MR     .....                    (no ring)
                                p - ring of wizardry

@: appendage (expiring), paralysed, regenerating quickly, agile, lethally
poisoned, not resistant to hostile enchantments, fairly stealthy
A: fangs 3, horns 2, see invisible, unbreathing
a: End Transformation


You were on level 4 of the Dungeon.
You were full.
You had grown temporary horns.
You visited 1 branch of the dungeon, and saw 4 of its levels.

You collected 91 gold pieces.

Inventory:

Missiles
 b - 12 arrows
 h - 31 darts (quivered)
 t - 14 exploding darts
Armour
 c - a +0 robe (worn)
 o - a cursed +0 pair of boots (worn)
 v - a +0 cloak (worn)
Magical devices
 q - a wand of slowing (13)
Scrolls
 f - 2 scrolls of amnesia {unknown}
 i - 2 scrolls of random uselessness {unknown}
 j - 3 scrolls of identify
 k - 3 scrolls of noise {unknown}
 l - 2 scrolls of enchant weapon II {unknown}
 m - a scroll of blinking {unknown}
 n - a scroll of remove curse {unknown}
 s - 2 scrolls of enchant armour {unknown}
 x - a scroll of recharging {unknown}
 y - 2 scrolls of magic mapping {unknown}
Jewellery
 g - an amulet of guardian spirit (around neck)
 p - a ring of wizardry (left hand)
Potions
 a - 2 potions of agility
 r - a potion of poison {!q}
 u - a potion of beneficial mutation {unknown}
 w - a potion of resistance {unknown}
 z - a potion of paralysis {!q}
Books
 d - a book of Changes

   Spells                             Type                      Level
   *Beastly Appendage                 Transmutation                1
   Sticks to Snakes                   Transmutation                2
   Spider Form                        Transmutation/Poison         3
   Ice Form                           Ice/Transmutation            4
   Blade Hands                        Transmutation                5


   Skills:
 - Level 0.8 Fighting
 - Level 2.1 Dodging
 + Level 6.7 Unarmed Combat
 - Level 2.0 Spellcasting
 - Level 2.1 Transmutations


You had 7 spell levels left.
You knew the following spells:

 Your Spells              Type           Power        Failure   Level  Hunger
a - Beastly Appendage     Trmt           #.....       4%          1    #......


Dungeon Overview and Level Annotations

Branches:
Dungeon (4/15)
 Temple: D:4-7

Altars:
Cheibriados

Annotations:
D:4 Blork the orc


Innate Abilities, Weirdness & Mutations

Your natural rate of healing is unusually fast.
You have razor-sharp teeth.*
You have supernaturally acute eyesight.
You can survive without breathing.*
You have a pair of horns on your head.*


Message History

Read which item? (? for menu, Esc to quit)
Okay, then.
Drink which item? (? for menu, Esc to quit)
That liquid tasted very nasty...
You are poisoned.
It was a potion of poison.
You feel sick.
Blork the orc becomes somewhat translucent.
Blork the orc zaps a wand.
The puff of frost hits you!
* * * LOW MAGIC WARNING * * *
Drink which item? (? for menu, Esc to quit)
You suddenly lose the ability to move!
It was a potion of paralysis.
You feel sick.
Blork the orc zaps a wand.
The puff of frost hits you!
* * * LOW MAGIC WARNING * * *;
* * * LOW HITPOINT WARNING * * *
You feel sick.
Blork the orc zaps a wand.
Helpless, you fail to dodge the puff of frost.
* * * LOW MAGIC WARNING * * *;
* * * LOW HITPOINT WARNING * * *
Blork the orc casts a spell at you. The puff of frost hits you!
Your metallic pink potion freezes and shatters!
* * * LOW MAGIC WARNING * * *
You die...

############.......#
#...................
#.#.#.#####.).......
#o#.#.........<....#
#.#.########.......# #.#.#
#####.### #.#.# .....
#######o#.#######.#.######
.........@.........
###........########
.#.####...# . #...# #...#
#...# #...# #.#.# #.#.#


You could see Blork the orc.

Vanquished Creatures
  Terence (D:3)
  7 adders
  A gnoll (D:2)
  3 worms
  A giant gecko (D:2)
  5 orcs
  12 goblins
  5 hobgoblins
  8 jackals
  A quokka (D:3)
  8 bats
  12 kobolds
  An orc skeleton (D:4)
  6 rats
71 creatures vanquished.

Notes
Turn   | Place    | Note
--------------------------------------------------------------
     0 | D:1      | PolkaDot, the Vampire Transmuter, began the quest for the Orb.
     0 | D:1      | Reached XP level 1. HP: 14/14 MP: 3/3
   244 | D:1      | Reached XP level 2. HP: 20/20 MP: 4/4
   247 | D:1      | Reached skill level 4 in Unarmed Combat
  1204 | D:2      | Reached XP level 3. HP: 22/25 MP: 6/6
  1279 | D:2      | Reached skill level 5 in Unarmed Combat
  1312 | D:2      | Learned a level 1 spell: Beastly Appendage
  1396 | D:2      | Reached XP level 4. HP: 24/31 MP: 2/7
  1578 | D:2      | Found a snail-covered altar of Cheibriados.
  1784 | D:2      | Reached skill level 6 in Unarmed Combat
  2377 | D:3      | Reached XP level 5. HP: 29/36 MP: 7/9
  2518 | D:3      | Noticed Terence
  2537 | D:3      | Killed Terence
  3104 | D:4      | Noticed Blork the orc
  3110 | D:4      | Paralysed by a potion of paralysis for 6 turns
  3111 | D:4      | Killed from afar by Blork the orc

Action                   |  1- 3 |  4- 6 || total
-------------------------+-------+-------++-------
Melee: Unarmed           |   114 |   159 ||   273
Throw: Dart              |     1 |    10 ||    11
 Cast: Beastly Appendage |     1 |     6 ||     7
  Use: Potion            |     1 |     3 ||     4
       Scroll            |       |     1 ||     1
 Stab: Sleeping          |       |     1 ||     1
